 Dungeon Crawl Stone Soup version 0.28.0 (webtiles) character file.

Game seed: 13271695502231588325

1606 GrayStillPlays the Skirmisher (level 8, -3/64 HPs)
             Began as a Demonspawn Fighter on Feb 13, 2022.
             Was a Believer of Makhleb.
             Shot with an arrow by a centaur (9 damage)
             ... on level 7 of the Dungeon.
             The game lasted 00:10:14 (6537 turns).

GrayStillPlays the Skirmisher (Demonspawn Fighter)  Turns: 6537, Time: 00:10:14

Health: -3/64      AC: 18    Str: 20    XL:     8   Next: 63%
Magic:  11/11      EV: 11    Int:  9    God:    Makhleb [**....]
Gold:   346        SH:  5    Dex: 12    Spells: 7/7 levels left

rFire   . . .      SeeInvis .   a - +0 war axe {axe}
rCold   . . .      Faith    .   c - +0 buckler
rNeg    . . .      Spirit   .   u - +0 chain mail of the Old World {Will+}
rPois   .          Reflect  .   (helmet restricted)
rElec   .          Harm     .   I - +0 cloak
rCorr   .          Rampage  .   (no gloves)
Will    +....                   (no boots)
Stlth   ..........              (no amulet)
HPRegen 0.20/turn               e - +4 ring of protection
MPRegen 0.12/turn               v - +4 ring of evasion

@: no status effects
A: horns 1, molten scales 2, spiny 1, demonic magic 1
a: Renounce Religion, Minor Destruction


You were on level 7 of the Dungeon.
You worshipped Makhleb.
Makhleb was pleased with you.
You visited 1 branch of the dungeon, and saw 7 of its levels.

You collected 346 gold pieces.


Innate Abilities, Weirdness & Mutations

You have a pair of small horns on your head.
You are mostly covered in molten scales. (AC +3)
You are partially covered in sharp spines.
Spells you cast may paralyse adjacent enemies.


   Skills:
 + Level 5.6 Fighting
 + Level 4.6 Axes
 + Level 5.2 Armour
 + Level 5.1 Shields
 + Level 4.4 Invocations
 + Level 3.4 Evocations


You had 7 spell levels left.
You didn't know any spells.
Your spell library contained the following spells:

 Spells                   Type           Power      Damage    Failure   Level
 Apportation              Tloc           0%         N/A       99%         1
 Summon Small Mammal      Summ           0%         N/A       99%         1
 Sublimation of Blood     Necr           0%         N/A       100%        2
 Wereblood                Tmut           0%         N/A       100%        2
 Call Canine Familiar     Summ           0%         N/A       100%        3
 Summon Guardian Golem    Hex/Summ       0%         N/A       100%        3
 Alistair's Intoxication  Tmut/Pois      0%         N/A       100%        5
 Summon Hydra             Summ           0%         N/A       100%        7

Inventory:

Hand Weapons
 a - a +0 war axe (weapon) {axe}
 t - a +0 short sword of venom {short}
   (You took it off a kobold on level 3 of the Dungeon)
 E - a +2 flail of protection {mace}
   (You took it off Edmund on level 5 of the Dungeon)
 G - a +1 dagger of venom {short}
   (You took it off an orc on level 5 of the Dungeon)
 J - a +0 rapier of speed {short}
   (You found it on level 7 of the Dungeon)
Missiles
 g - 189 arrows
 l - 24 sling bullets
 q - 242 stones {throwing}
 s - 46 bolts
 A - 3 boomerangs {throwing}
Armour
 c - a +0 buckler (worn)
 u - the +0 chain mail of the Old World (worn) {Will+}
   (You found it on level 3 of the Dungeon)

   Will:      It increases your willpower.
 I - a +0 cloak (worn)
   (You found it on level 6 of the Dungeon)
Jewellery
 b - a ring of positive energy
   (You found it on level 5 of the Dungeon)
 e - a +4 ring of protection (left hand)
   (You found it on level 1 of the Dungeon)
 f - a ring of magical power
   (You found it on level 1 of the Dungeon)
 p - a ring of willpower
   (You found it on level 2 of the Dungeon)
 r - a ring of flight
   (You found it on level 2 of the Dungeon)
 v - a +4 ring of evasion (right hand)
   (You found it on level 3 of the Dungeon)
 x - a ring of poison resistance
   (You found it on level 4 of the Dungeon)
Wands
 F - a wand of acid (11)
   (You found it on level 5 of the Dungeon)
Scrolls
 h - a scroll of brand weapon {unknown}
 i - 2 scrolls of noise {!r}
 m - a scroll of fear {unknown}
 o - 3 scrolls of teleportation {@r4}
 y - a scroll of vulnerability {unknown}
 B - a scroll of amnesia {unknown}
 C - a scroll of silence {unknown}
Potions
 d - 2 potions of might
 j - a potion of haste {@q3}
 k - a potion of ambrosia {unknown}
 n - 5 potions of curing {@q1}
 w - 3 potions of lignification {!q}
 z - a potion of invisibility {unknown}
 H - 2 potions of flight {unknown}

Dungeon Overview and Level Annotations

Branches:
Dungeon (7/15)
 Temple: D:4-7

Altars:
Fedhas
Hepliaklqana
Makhleb
Nemelex Xobeh
Ru
Sif Muna
Uskayaw

Annotations:
D:3 1 runed translucent door, Crazy Yiuf
D:7 Menkaure

#..##.........
#.#...........
#......y...... #.#
#.###.#.###### ..# #.#
#..M# ..# #.# ###c# ..# #.#
#.## # #..########.#
#..#####
#.##.....>@....#####.......
#.#.###.####....c.M........
#..<# #......########.#####
###.###.####...##### .#
##................ .#
#########...##### ## #####


You could see a centaur (fast).


Message History

There is a stone staircase leading up here.
J - a +0 rapier of speed {short}
Found two stone staircases leading down.
Key pressed, stopping explore.
No target in view!
Menkaure, Prince of Dust comes into view.
Menkaure shouts!
A hornet comes into view.
You see here 8 gold pieces.
The hornet buzzes angrily.
Aiming: Minor Destruction (1% risk of failure)
Press: ? - help, Shift-Dir - straight line, f - hornet
Aim: a hornet The hornet resists with some effort.
A centaur comes into view. 😕 HP[-1]
You take 1 damage, and now have 63/64 hp.
Aiming: Minor Destruction (1% risk of failure)
Press: ? - help, Shift-Dir - straight line, f/p - hornet
Aim: a hornet The hornet resists with some effort.
The centaur wields a +0 shortbow.
The centaur shoots an arrow.
You block the arrow. 😕 HP[-1]
You take 1 damage, and now have 62/64 hp.
Menkaure breathes soot at you.
The centaur shoots an arrow.
The arrow hits you but does no damage. 😕 HP[+1] Menkaure casts a spell.
Menkaure seems to speed up.
The centaur shoots an arrow.
The arrow closely misses you. The hornet is struck by your spines.
The hornet stings you.
You are poisoned.
You feel yourself slow down. 😕 HP[-6]
You take 6 damage, and now have 57/64 hp.
Okay, then.
The hornet suddenly stops moving!
The now-empty wand crumbles to dust.
You feel yourself speed up.
You feel very sick.
The centaur shoots an arrow.
The arrow hits you but does no damage.
Menkaure calls on the powers of darkness!
The hornet convulses!
Your body is wracked with pain!
* * * LOW HITPOINT WARNING * * *
The centaur shoots an arrow.
The arrow hits you but does no damage.
The centaur shoots an arrow.
The arrow hits you but does no damage. 😨 HP[-29]
You take 29 damage, and now have 28/64 hp.
MASSIVE DAMAGE!! (PAUSE)
You feel sick. 😨 HP[-2]
You take 2 damage, and now have 26/64 hp.
You feel sick. 😨 HP[-1]
You take 1 damage, and now have 25/64 hp.
You feel sick.
The centaur drinks a potion.
The centaur seems to speed up. 😨 HP[-1]
You take 1 damage, and now have 24/64 hp.
You feel sick. 😨 HP[-1]
You take 1 damage, and now have 23/64 hp.
You feel sick.
You feel sick. 😨 HP[-1]
You take 1 damage, and now have 22/64 hp.
You feel sick.
You are no longer poisoned. 😨 HP[-1]
You take 1 damage, and now have 21/64 hp.
The centaur shoots an arrow.
The arrow hits you.
* * * LOW HITPOINT WARNING * * *
😨 HP[-3]
You take 3 damage, and now have 18/64 hp.
The centaur shoots an arrow.
The arrow closely misses you.
The centaur shoots an arrow.
The arrow misses you.
The centaur shoots an arrow.
You block the arrow. 😨 HP[+1]
The centaur shoots an arrow.
The arrow barely misses you.
The centaur shoots an arrow.
The arrow hits you but does no damage.
The centaur shoots an arrow.
The arrow hits you!
* * * LOW HITPOINT WARNING * * *
The centaur shoots an arrow.
The arrow barely misses you. 😱 HP[-9]
You take 9 damage, and now have 10/64 hp.
The centaur shoots an arrow.
The arrow hits you.
* * * LOW HITPOINT WARNING * * *
The centaur shoots an arrow.
The arrow hits you.
* * * LOW HITPOINT WARNING * * *
😱 HP[-5]
You take 5 damage, and now have 5/64 hp.
The centaur shoots an arrow.
You block the arrow.
The centaur shoots an arrow.
The arrow closely misses you.
The centaur shoots an arrow.
The arrow closely misses you.
There is a stone staircase leading down here. 😱 HP[+1]
You can't go up here!
The centaur shoots an arrow.
The arrow hits you!
You die...

Skill      XL: |  1  2  3  4  5  6  7  8 |
---------------+-------------------------+-----
Axes           | 2 3 4 |  4.6
Armour         | 3 4 5 |  5.2
Shields        | 3 4 5 |  5.1
Fighting       | 4 5 |  5.6
Invocations    | 2 3 4 |  4.4
Evocations     | 1 2 3 |  3.4

Action                   |  1- 3 |  4- 6 |  7- 9 || total
-------------------------+-------+-------+-------++-------
Melee: War axe           |   117 |   105 |   101 ||   323
       Headbutt          |    12 |    21 |    19 ||    52
Throw: Boomerang         |       |     3 |       ||     3
Invok: Minor Destruction |       |     2 |     9 ||    11
Evoke: Wand              |       |     4 |     1 ||     5
  Use: Scroll            |       |       |     4 ||     4
Armor: Scale mail        |    75 |    35 |       ||   110
       Chain mail        |       |    19 |    63 ||    82
Dodge: Dodged            |    81 |    65 |    69 ||   215
Block: Buckler           |    21 |    25 |    40 ||    86

Levels and vault maps discovered:
D:1:      minmay_arrival_open_corners, layout_loops_ring, serial_glass,
          glass_columns_b, glass_columns_c, glass_columns_a, glass_columns_a,
          hellmonk_ecumenical_altar_slurped_away, minmay_gold_behind_fungi,
          hangedman_decor_points, grunt_decor_fettered,
          amcnicky_mini_corridor_feature, chequers_serial_rivers_small_b,
          hangedman_decor_push
D:2:      layout_rooms
D:3:      layout_basic, marbit_many_paths, nicolae_overflow_hidden_temple,
          mainiacjoe_overflow_catch_the_wave, nicolae_overflow_squiral,
          uniq_crazy_yiuf_cottage
D:4:      layout_rooms, hangedman_minor_gate_pass
D:5:      layout_loops_ring, uniq_edmund
D:6:      layout_basic, kennysheep_mini
D:7:      layout_loops_ring, cheibriados_altar_1, minmay_temple_entry_poolview,
          minmay_misc_feat_secret_circle, minmay_fractal_squares_gapless_5,
          uniq_menkaure

Notes
Turn   | Place    | Note
-------+----------+-------------------------------------------
     0 | D:1      | GrayStillPlays the Demonspawn Fighter began the quest for
                  | the Orb.
     0 | D:1      | Reached XP level 1. HP: 18/18 MP: 1/1
     0 | D:1      | magus.rc [v1.9.6]
    66 | D:1      | HP: 2/18 [jackal (3)]
   494 | D:1      | Reached skill level 2 in Axes
   494 | D:1      | Gained mutation: You have a pair of small horns on your
                  | head. [demonic ancestry]
   494 | D:1      | Reached XP level 2. HP: 24/24 MP: 2/2
   822 | D:1      | Reached skill level 3 in Armour
   983 | D:1      | Reached skill level 3 in Shields
   986 | D:1      | Reached XP level 3. HP: 25/29 MP: 3/3
  1089 | D:1      | Found a faded altar of an unknown god.
  1100 | D:1      | Prayed at the altar of an unknown god.
  1100 | D:1      | Became a worshipper of Makhleb the Destroyer
  1100 | D:1      | Reached * piety under Makhleb
  1477 | D:2      | You pick up a book of Callings and begin reading...
  1477 | D:2      | You add the spells Summon Small Mammal, Call Canine
                  | Familiar and Summon Guardian Golem to your library.
  1975 | D:3      | Reached XP level 4. HP: 32/35 MP: 4/4
  2012 | D:3      | Found a blossoming altar of Fedhas.
  2032 | D:3      | Found a hazy altar of Hepliaklqana.
  2033 | D:3      | Found a sparkling altar of Nemelex Xobeh.
  2064 | D:3      | Found a hide-covered altar of Uskayaw.
  2135 | D:3      | Identified the +0 chain mail of the Old World {Will+}
  2622 | D:3      | You pick up a book of Blood and begin reading...
  2622 | D:3      | You add the spells Sublimation of Blood, Wereblood and
                  | Summon Hydra to your library.
  2633 | D:3      | Found a burning altar of Makhleb.
  2926 | D:3      | Found a sacrificial altar of Ru.
  3035 | D:3      | Found a runed translucent door.
  3036 | D:3      | Noticed Crazy Yiuf
  3331 | D:4      | Reached ** piety under Makhleb
  3415 | D:4      | Noticed an ogre
  3435 | D:4      | HP: 5/37 [ogre (7)]
  3826 | D:4      | Gained mutation: You are partially covered in molten
                  | scales. (AC +2) [demonic ancestry]
  3826 | D:4      | Reached XP level 5. HP: 42/42 MP: 5/5
  3874 | D:4      | Killed an ogre
  3875 | D:4      | Reached skill level 4 in Fighting
  3875 | D:4      | Reached skill level 3 in Axes
  3964 | D:5      | Entered Level 5 of the Dungeon
  3976 | D:5      | Gained mutation: You are partially covered in sharp spines.
                  | [demonic ancestry]
  3976 | D:5      | Reached XP level 6. HP: 35/48 MP: 6/6
  4146 | D:5      | Noticed an ice beast
  4161 | D:5      | Killed an ice beast
  4162 | D:5      | Reached skill level 4 in Armour
  4162 | D:5      | Reached skill level 4 in Shields
  4162 | D:5      | Reached skill level 1 in Invocations
  4231 | D:5      | Reached skill level 1 in Evocations
  4314 | D:5      | Noticed Edmund
  4330 | D:5      | Killed Edmund
  4331 | D:5      | Reached skill level 2 in Invocations
  4331 | D:5      | Gained mutation: Spells you cast may paralyse adjacent
                  | enemies. [demonic ancestry]
  4331 | D:5      | Reached XP level 7. HP: 38/55 MP: 8/8
  4829 | D:5      | Reached skill level 2 in Evocations
  5251 | D:5      | Reached skill level 4 in Axes
  5338 | D:5      | Reached skill level 5 in Fighting
  5338 | D:5      | Reached skill level 3 in Invocations
  5590 | D:6      | Gained mutation: You are mostly covered in molten scales.
                  | (AC +3) [demonic ancestry]
  5590 | D:6      | Reached XP level 8. HP: 61/62 MP: 10/10
  5768 | D:6      | Reached skill level 5 in Armour
  5768 | D:6      | Reached skill level 3 in Evocations
  5774 | D:6      | Reached skill level 4 in Invocations
  5861 | D:6      | Reached skill level 5 in Shields
  5890 | D:6      | You pick up a book of Party Tricks and begin reading...
  5890 | D:6      | You add the spells Apportation and Alistair's Intoxication
                  | to your library.
  5933 | D:6      | Found a shimmering blue altar of Sif Muna.
  6510 | D:7      | Noticed Menkaure
  6510 | D:7      | Noticed a hornet
  6533 | D:7      | HP: 10/64 [centaur/arrow (9)]
  6537 | D:7      | Shot with an arrow by a centaur

Vanquished Creatures
  Edmund (D:5)
  2 ice beasts
  2 sky beasts
  A black bear (D:6)
  3 ogres
  2 centaurs (D:6)
  2 scorpions (D:5)
  3 hounds
  A bullfrog zombie (D:5)
  A bullfrog skeleton (D:6)
  2 centaur skeletons (D:6)
  2 iguanas (D:5)
  An orc wizard (D:6)
  A hound skeleton (D:4)
  3 gnolls (D:5)
  9 adders
  A white imp (D:5)
  2 ufetubi
  An adder skeleton (D:4)
  A worm (D:5)
  4 dart slugs
  6 orcs
  3 bats
  5 endoplasms
  6 goblins
  10 hobgoblins
  7 jackals (D:1)
  4 quokkas
  7 ball pythons
  4 frilled lizards
  6 kobolds
  3 rats
106 creatures vanquished.

Vanquished Creatures (others)
  2 toadstools (D:1)
2 creatures vanquished.

Grand Total: 108 creatures vanquished

Table legend:
 A = Non-vault XP
 B = Vault XP
 C = Vault XP percentage of total XP
 D = Non-vault monster count
 E = Vault monster count
 F = Vault count percentage of total count
                 A         B        C        D         E       F
            +---------+---------+-------+---------+---------+-------
      Total |    1940 |     355 |  15.5 |      96 |      10 |   9.4
            +---------+---------+-------+---------+---------+-------
        D:1 |      43 |       2 |   4.4 |      23 |       1 |   4.2
        D:2 |      48 |       0 |   0.0 |      15 |       0 |   0.0
        D:3 |      39 |       2 |   4.9 |      16 |       1 |   5.9
        D:4 |      48 |     197 |  80.4 |       7 |       7 |  50.0
        D:5 |     794 |     154 |  16.2 |      18 |       1 |   5.3
        D:6 |     968 |       0 |   0.0 |      17 |       0 |   0.0
            +---------+---------+-------+---------+---------+-------

Illustrated notes

Table legend:
 A = Kills in this place as a percentage of kills in entire the game.
 B = Kills by you in this place as a percentage of kills by you in the entire game.
 C = Kills by friends in this place as a percentage of kills by friends in the entire game.
 D = Other kills in this place as a percentage of other kills in the entire game.
 E = Experience gained in this place as a percentage of experience gained in the entire game.
 F = Experience gained in this place divided by the number of levels of this place that you have seen.
                   A       B       C       D       E      F
               +-------+-------+-------+-------+-------+----------------------
         Total | 100.0 | 100.0 |   N/A |   N/A | 100.0 | 327.9
       Dungeon | 100.0 | 100.0 |   N/A |   N/A | 100.0 | 327.9
               +-------+-------+-------+-------+-------+----------------------

Table legend: (Time is in decaauts)
 A = Elapsed time spent in this place.
 B = Non-inter-level travel time spent in this place.
 C = Inter-level travel time spent in this place.
 D = Time resting spent in this place.
 E = Time spent auto-exploring this place.
 F = Levels seen in this place.
 G = Mean time per level.
                   A        B        C        D        E       F      G
               +--------+--------+--------+--------+--------+-----+--------+
         Total |   6666 |   6356 |    310 |    539 |   4846 |   7 |  952.3 |
       Dungeon |   6666 |   6356 |    310 |    539 |   4846 |   7 |  952.3 |
               +--------+--------+--------+--------+--------+-----+--------+

Top non-repeatable levels by time:
     D:5: 1642 daAuts
     D:3: 1476 daAuts
     D:1: 1358 daAuts
     D:6: 913 daAuts
     D:2: 646 daAuts
     D:4: 561 daAuts
     D:7: 68 daAuts
